 Dungeon Crawl Stone Soup version 0.31.0-4-g52a2dc7128 (webtiles) character file.

Game seed: 1438984407435954734

802 stipulation the Grappler (level 7, -4/57 HPs)
             Began as a Ghoul Monk on Jan 21, 2024.
             Slain by an ogre
             ... wielding a +0 giant spiked club
              (27 damage)
             ... on level 4 of the Dungeon.
             The game lasted 00:02:33 (3019 turns).

stipulation the Grappler (Ghoul Monk)               Turns: 3019, Time: 00:02:34

Health: -4/57      AC: 12    Str: 23    XL:     7   Next: 90%
Magic:  7/7        EV:  9    Int:  9    God:
Gold:   109        SH:  0    Dex: 11    Spells: 6/6 levels left

rFire   . .          .
                       - Unarmed
rCold   + . .        c - orb {light}
rNeg    + + +        r - +0 chain mail
rPois   ∞            (no helmet)
rElec   .            (no cloak)
rCorr   .            (no gloves)
SInv    .            (no boots)
Will    .....        (no amulet) Stlth
                     l - +6 ring of strength
HPRegen 0.00/turn    n - +4 ring of protection
MPRegen 0.10/turn

%: no passive effects
@: inhibited regen, glowing
A: claws 1, cold resistance 1, negative energy resistance 3, inhibited
regeneration, torment resistance 2, devour on kill
a: no special abilities


You were on level 4 of the Dungeon.
You visited 1 branch of the dungeon, and saw 4 of its levels.
You also visited: Ossuary.

You collected 207 gold pieces.
You spent 98 gold pieces at shops.

Inventory:

Armour
 c - an orb of light (worn)
 r - a +0 chain mail (worn)
Jewellery
 l - a +6 ring of strength (left claw)
 n - a +4 ring of protection (right claw)
Scrolls
 d - 4 scrolls of identify
 f - a scroll of enchant armour
 h - 2 scrolls of revelation {unknown}
 i - 2 scrolls of teleportation
 m - 3 scrolls of enchant weapon {unknown}
 o - 2 scrolls of fear
 q - a scroll of immolation {unknown}
 t - 4 scrolls of poison
 u - 2 scrolls of fog {unknown}
 w - a scroll of vulnerability {unknown}
Potions
 a - a potion of enlightenment {unknown}
 b - a potion of ambrosia
 e - a potion of cancellation
 g - a potion of resistance {unknown}
 j - 4 potions of curing {unknown}
 k - 2 potions of might {unknown}
 p - 3 potions of lignification {unknown}
 s - 2 potions of heal wounds {unknown}
 v - a potion of mutation {unknown}
 x - a potion of attraction {unknown}
 z - a potion of invisibility {unknown}


   Skills:
 - Level 3.2 Fighting
 - Level 2.6 Dodging
 + Level 10.0 Unarmed Combat


You had 6 spell levels left.
You didn't know any spells.
Your spell library contained the following spells:

 Spells                   Type           Power      Damage    Failure   Level
 Shock                    Conj/Air       0%         1d3       96%         1
 Hailstorm                Conj/Ice       0%         3d5       100%        3
 Summon Ice Beast         Ice/Summ       0%         N/A       100%        3
 Swiftness                Air            0%         N/A       100%        3
 Airstrike                Air            0%         2d(0-16)  100%        4
 Sculpt Simulacrum        Ice/Alch       0%         N/A       100%        6


Dungeon Overview and Level Annotations

Branches:
Dungeon (4/15)            Ossuary (visited)
 Temple: D:4-7

Altars:
Qazlal

Shops:
D:3 ?


Innate Abilities, Weirdness & Mutations

You are immune to poison.
You have sharp fingernails.
Your flesh is cold resistant. (rC+)
You are immune to negative energy. (rN+++)
You do not regenerate when monsters are visible.
You are immune to unholy pain and torment.
You thrive by killing the living.


Message History

a +0 short sword; a kobold skeleton The sentinel's mark upon you fades away.
You now have 109 gold pieces (gained 15).
An ogre comes into view. It is wielding a +0 giant spiked club.
An ogre is nearby!
The ogre hits you with a +0 giant spiked club!!
Ouch! That really hurt!
You are too injured to fight recklessly!
You are too injured to fight recklessly!
You are too injured to fight recklessly!
You are too injured to fight recklessly!
You are too injured to fight recklessly!
You are too injured to fight recklessly!
You are too injured to fight recklessly!
You are too injured to fight recklessly!
You are too injured to fight recklessly!
You are too injured to fight recklessly!
You are too injured to fight recklessly!
You are too injured to fight recklessly!
You are too injured to fight recklessly!
You are too injured to fight recklessly!
You are too injured to fight recklessly!
You are too injured to fight recklessly!
You are too injured to fight recklessly!
You are too injured to fight recklessly!
You are too injured to fight recklessly!
You are too injured to fight recklessly!
You are too injured to fight recklessly!
You scratch the ogre.
The ogre is lightly wounded.
The ogre barely misses you.
You mangle the ogre!!
The ogre is severely wounded.
The ogre hits you with a +0 giant spiked club.
You barely miss the ogre.
The ogre is severely wounded.
You scratch the ogre.
The ogre is severely wounded.
The ogre hits you with a +0 giant spiked club!!
You die...

#.....#.#.##..####......#
#...>.#.#<..>...........#
#.#...# #...............#
.##.## #...............#
#..#............# ..#
########........# ###
#........# ###.....[..#
#..@....)..#
##.#O8......#
###...##......#
#...(.........#
#.............#
##..#.##......#
...#...##......#
##.8##..#8......# #.
############


You could see an ogre.

Vanquished Creatures
  Sigmund (D:2)
  Eustachio (D:4)
  A weeping skull (Ossuary)
  A burial acolyte (Ossuary)
  A howler monkey (D:4)
  2 bombardier beetles
  A hound (D:4)
  Jessica (D:2)
  An iguana (D:3)
  Natasha (thrice) (D:3)
  5 mummies (Ossuary)
  An adder (D:3)
  2 ribbon worms (D:2)
  2 dart slugs
  An orc (D:4)
  2 ball pythons
  3 bats
  5 endoplasms
  4 giant cockroaches
  3 goblins
  7 hobgoblins
  5 jackals
  7 kobolds
  A quokka (D:1)
  2 frilled lizards (D:1)
  2 gnoll zombies (Ossuary)
  A kobold zombie (Ossuary)
  5 orc zombies (Ossuary)
  6 rats
77 creatures vanquished.

Notes
Turn   | Place    | Note
-------+----------+-------------------------------------------
     0 | D:1      | stipulation the Ghoul Monk began the quest for the Orb.
     0 | D:1      | Reached XP level 1. HP: 19/19 MP: 1/1
   100 | D:1      | Reached XP level 2. HP: 18/26 MP: 2/2
   104 | D:1      | Reached skill level 4 in Unarmed Combat
   312 | D:1      | Found a faded altar of an unknown god.
   531 | D:1      | Reached XP level 3. HP: 31/31 MP: 3/3
   909 | D:2      | Noticed Sigmund
   923 | D:2      | Killed Sigmund
   924 | D:2      | Reached skill level 6 in Unarmed Combat
   924 | D:2      | Reached XP level 4. HP: 26/38 MP: 4/4
   924 | D:2      | Reached XP level 5. HP: 31/45 MP: 5/5
  1149 | D:2      | Noticed Jessica
  1154 | D:2      | Killed Jessica
  1155 | D:2      | Reached skill level 7 in Unarmed Combat
  1282 | D:3      | Found a stormy altar of Qazlal.
  1367 | D:3      | Reached XP level 6. HP: 51/51 MP: 6/6
  1450 | D:3      | Noticed Natasha
  1455 | D:3      | Killed Natasha
  1612 | D:3      | Noticed Natasha
  1615 | D:3      | Killed Natasha
  1756 | D:3      | Noticed Natasha
  1763 | D:3      | Killed Natasha
  1764 | D:3      | Reached skill level 8 in Unarmed Combat
  1843 | D:3      | Found Hagie's Magic Scroll Shoppe.
  1846 | D:3      | Bought a scroll of fear for 56 gold pieces
  1846 | D:3      | Bought a scroll of teleportation for 42 gold pieces
  2282 | D:4      | Reached XP level 7. HP: 57/57 MP: 7/7
  2342 | D:4      | Noticed Eustachio
  2394 | D:4      | Killed Eustachio
  2395 | D:4      | Reached skill level 9 in Unarmed Combat
  2617 | D:4      | Found a sand-covered staircase.
  2629 | Ossuary  | Entered an ossuary
  2777 | Ossuary  | Reached skill level 10 in Unarmed Combat
  3019 | D:4      | Slain by an ogre

Illustrated notes

Levels and vault maps discovered:
D:1:      eino_arrival_water_star, layout_basic,
          shapermc_ecumenical_altar_mp_highgroup
D:2:      layout_rooms, uniq_jessica, uniq_sigmund
D:3:      layout_loops_ring, mainiacjoe_overflow_cross_hatched, serial_shops,
          nicolae_shop_rolled_up, kennysheep_generic_room_3, uniq_natasha
D:4:      layout_basic, lightli_ossuary_entry_decrepit_ruins, uniq_eustachio

Skill      XL: |  1  2  3  4  5  6  7 |
---------------+----------------------+-----
Unarmed Combat | 4 6 7 8 10 | 10.0
Fighting       | |  3.2
Dodging        | |  2.6

Action                     |  1- 3 |  4- 6 |  7- 9 || total
---------------------------+-------+-------+-------++-------
  Melee: Unarmed           |    58 |    73 |    86 ||   217
    Use: Scroll            |       |     2 |       ||     2
 Armour: Robe              |    23 |     3 |       ||    26
         Ring mail         |       |    11 |       ||    11
         Chain mail        |       |    28 |    87 ||   115
  Dodge: Dodged            |    29 |    20 |    56 ||   105
